 Dungeon Crawl Stone Soup version 0.19-a0-854-gc78d25d (webtiles) character file.

53 Implojin the Chopper (level 3, -4/31 HPs)
             Began as a Minotaur Fighter on July 1, 2016.
             Killed by nerve-wracking pain
             ... invoked by a shadow imp
              (8 damage)
             ... on level 6 of the Dungeon.
             The game lasted 00:01:19 (209 turns).

Implojin the Chopper (Minotaur Fighter)              Turns: 209, Time: 00:01:19

Health: -4/31      AC: 12    Str: 20    XL:     3   Next: 62%
Magic:  2/2        EV:  3    Int:  5    God:
Gold:   8          SH:  9    Dex: 10    Spells: 0 memorised, 2 levels left

rFire  . . .     SeeInvis .     a - +0 war axe
rCold  . . .     Gourm    .     j - +0 plate armour
rNeg   . . .     Faith    .     c - +0 shield
rPois  .         Spirit   .     m - +1 hat
rElec  .         Dismiss  .     (no cloak)
rCorr  .         Reflect  .     (no gloves)
SustAt .         Harm     .     (no boots)
MR     .....                    (no amulet)
Stlth  ..........               (no ring)
                                (no ring)

@: about to teleport, not resistant to hostile enchantments, extremely
unstealthy
A: retaliatory headbutt, horns 2
a: no special abilities


You were on level 6 of the Dungeon.
You were not hungry.

You visited 1 branch of the dungeon, and saw 5 of its levels.

You collected 8 gold pieces.

Inventory:

Hand Weapons
 a - a +0 war axe (weapon)
Armour
 b - a +0 scale mail
 c - a +0 shield (worn)
 j - a +0 plate armour (worn)
 m - a +1 hat (worn)
Wands
 k - a wand of digging (8/24)
Scrolls
 d - a scroll of amnesia {unknown}
 e - a scroll of enchant weapon {unknown}
 g - a scroll of blinking {unknown}
 h - a scroll of remove curse {unknown}
 i - a scroll of teleportation
 l - a scroll of fog {unknown}
 n - 2 scrolls of identify
Comestibles
 f - a bread ration


   Skills:
 - Level 3.6 Fighting
 * Level 4.9 Axes
 - Level 3.6 Armour
 - Level 3.6 Shields


You had 2 spell levels left.
You didn't know any spells.

Dungeon Overview and Level Annotations

Branches:
Dungeon (4/15)
 Temple: D:4-7

Altars:

Shops:
D:6 *


Innate Abilities, Weirdness & Mutations

You reflexively headbutt those who attack you in melee.
You have a pair of horns on your head.


Message History

There is a stone staircase leading down here.
Wear which item? (? for menu, Esc to quit)
You start putting on your armour.
You continue putting on your glowing hat. x4
You finish putting on your +1 hat.
Unknown command.
You climb downwards.
There is a stone staircase leading up here.
There is a shaft here.
You fall through a shaft for 2 floors!
The shaft crumbles and collapses.
Found a tourmaline ring.
Found a stone staircase leading down.
Unknown command.
Unknown command.
A howler monkey comes into view.
The howler monkey hoots and howls with incredible vigour!
You hear a shout! x2; You hear an angry growl.
You hear a shout!
A centaur and a shadow imp come into view.
The shadow imp shouts!
The centaur shouts!
The centaur wields a shortbow.
The centaur shoots an arrow.
The arrow hits you!
* * * LOW HITPOINT WARNING * * *
You block the howler monkey's attack.
Found a scroll labeled VINTEMOKKA.
Found Joozuperch's General Store.
You see here an arrow.
You aren't carrying any potions.
Okay, then.
As you read the scroll labeled ASSOMOU XOHYFF, it crumbles to dust.
It is a scroll of identify.
i - 2 scrolls of teleportation The howler monkey hoots and howls with incredible vigour!
The howler monkey hits you.
* * * LOW HITPOINT WARNING * * *
Unknown command.
As you read the scroll of teleportation, it crumbles to dust.
You feel strangely unstable.
You hear a distant slurping noise.
You block the howler monkey's attack. The shadow imp gestures at you.
Pain shoots through your body!
You die...

#8. #.. #.c
#∩. #..
#..########
#..#8.ch@....#
#.....(#...>.#
##.###.......#
##......#
#....5.#
#......#
#=.....#
##......
.?....


You could see a centaur, a howler monkey and a shadow imp.

Vanquished Creatures
  A worker ant (D:4)
  Robin (D:4)
  An orc (D:3)
  10 goblins (D:4)
  2 hobgoblins
  A giant newt (D:3)
  A kobold (D:3)
  A rat (D:2)
18 creatures vanquished.

Notes
Turn   | Place    | Note
-------+----------+-------------------------------------------
     0 | D:1      | Implojin the Minotaur Fighter began the quest for the Orb.
     0 | D:1      | Reached XP level 1. HP: 19/19 MP: 0/0
    84 | D:3      | Reached skill level 3 in Axes
   111 | D:4      | Noticed Robin
   115 | D:4      | Noticed a worker ant
   116 | D:4      | Reached XP level 2. HP: 13/26 MP: 1/1
   120 | D:4      | Reached skill level 4 in Axes
   120 | D:4      | Reached XP level 3. HP: 8/31 MP: 2/2
   121 | D:4      | Killed Robin
   203 | D:4      | You fall through a shaft for 2 floors!
   205 | D:6      | Found Joozuperch's General Store.
   205 | D:6      | Noticed a centaur
   209 | D:6      | Killed from afar by a shadow imp

Vault maps used:
D:1:      dpeg_arrival_pits
D:2:      serial_bayou, serial_bayou_shore_b, serial_bayou_lake_a,
          serial_bayou_pond_c, serial_bayou_pond_b, serial_bayou_pond_c,
          serial_park_tiny_pond
D:3:      ecumenical_altar_1, kennysheep_generic_room_12
D:4:      kiku_gazebo_pond_becter, first_bread, uniq_robin
D:6:      marbit_many_paths, serial_shops, shop_statue, minmay_misc_feat_cross,
          corexii_corridor_pit

Skill      XL: |  1  2 |
---------------+-------+-----
Axes           | 3 4 |  4.9
Fighting       | |  3.6
Armour         | |  3.6
Shields        | |  3.6

Action                   || total
-------------------------++-------
Melee: War axe           ||    20
       Headbutt          ||     1
  Use: Potion            ||     1
       Scroll            ||     2
Armor: Plate armour      ||    24
       Scale mail        ||     7
Dodge: Dodged            ||     6
Block: Shield            ||    19

Table legend:
 A = Turns spent in this place as a percentage of turns spent in the entire game.
 B = Non-inter-level travel turns spent in this place as a percentage of non-inter-level travel turns spent in the entire game.
 C = Inter-level travel turns spent in this place as a percentage of turns spent in this place.
 D = Turns resting spent in this place as a percentage of non-inter-level travel turns spent in this place.
 E = Turns spent auto-exploring this place as a percentage of non-inter-level travel turns spent in this place.
 F = Non-inter-level travel turns spent in this place divided by the number of levels of this place that you've seen.
                   A       B       C       D       E      F
               +-------+-------+-------+-------+-------+----------------------
         Total | 100.0 | 100.0 |   0.0 |   0.0 |   0.0 |  40.0
       Dungeon | 100.0 | 100.0 |   0.0 |   0.0 |   0.0 |  40.0
               +-------+-------+-------+-------+-------+----------------------

Table legend:
 A = Kills in this place as a percentage of kills in entire the game.
 B = Kills by you in this place as a percentage of kills by you in the entire game.
 C = Kills by friends in this place as a percentage of kills by friends in the entire game.
 D = Other kills in this place as a percentage of other kills in the entire game.
 E = Experience gained in this place as a percentage of experience gained in the entire game.
 F = Experience gained in this place divided by the number of levels of this place that you have seen.
                   A       B       C       D       E      F
               +-------+-------+-------+-------+-------+----------------------
         Total | 100.0 | 100.0 |  -nan |  -nan | 100.0 |  15.2
       Dungeon | 100.0 | 100.0 |  -nan |  -nan | 100.0 |  15.2
               +-------+-------+-------+-------+-------+----------------------
